 Dungeon Crawl Stone Soup version 0.21-a0-125-gb006224 (webtiles) character file.

124 Voltron the Insei (level 5, -5/34 HPs)
             Began as an Octopode Transmuter on July 14, 2017.
             Killed by divine providence
             ... invoked by an orc priest
              (9 damage)
             ... on level 4 of the Dungeon.
             The game lasted 00:06:07 (3555 turns).

Voltron the Insei (Octopode Transmuter)             Turns: 3555, Time: 00:06:08

Health: -5/34      AC:  2    Str: 15    XL:     5   Next: 8%
Magic:  6/8        EV: 20    Int: 16    God:
Gold:   170        SH:  0    Dex: 18    Spells: 2/8 levels left

rFire    + . .     SeeInvis .     - Unarmed
rCold    + . .     Gourm    .   (shield currently unavailable)
rNeg     . . .     Faith    .   (helmet currently unavailable)
rPois    .         Spirit   .   (no amulet)
rElec    +         Reflect  .   o - +6 ring of strength
rCorr    +         Harm     .   (no ring)
MR       .....                  (no ring)
Stlth    ++........             (no ring)
HPRegen  0.11/turn              (no ring)
MPRegen  0.11/turn              (no ring)
                                (no ring)
                                (no ring)

@: spider-form (expiring), resistant
A: almost no armour, stealthy swim, (amphibious), 8 rings, (constrict 8)
a: End Transformation


You were on level 4 of the Dungeon.
You were not hungry.
You were a venomous arachnid creature.
You visited 1 branch of the dungeon, and saw 4 of its levels.

You collected 170 gold pieces.

Inventory:

Missiles
 a - 76 arrows
 d - 93 stones (quivered)
Armour
 h - a +1 large shield
Jewellery
 o - a +6 ring of strength (left front leg)
 q - an uncursed ring of fire
Wands
 e - a wand of confusion (26/48)
Scrolls
 j - a scroll of magic mapping
 s - a scroll of recharging
Potions
 i - a potion of lignification {unknown}
 k - a potion of curing {unknown}
 m - a potion of resistance
 n - a potion of degeneration {unknown}
 r - 3 potions of might
Books
 b - a book of Changes

   Spells                             Type                      Level
   a - Beastly Appendage              Transmutation                1
   b - Sticks to Snakes               Transmutation                2
   c - Spider Form                    Transmutation/Poison         3
   d - Ice Form                       Ice/Transmutation            4
   e - Blade Hands                    Transmutation                5
Comestibles
 c - a bread ration
 f - 2 royal jellies
 p - 5 fruits


   Skills:
 + Level 2.0 Fighting
 - Level 2.4 Dodging
 + Level 4.0 Unarmed Combat
 - Level 2.0 Spellcasting
 + Level 2.8 Transmutations
 - Level 2.0 Poison Magic


You had 2 spell levels left.
You knew the following spells:

 Your Spells              Type           Power        Failure   Level  Hunger
a - Beastly Appendage     Tmut           ##....       17%         1    #......
b - Sticks to Snakes      Tmut           ##......     24%         2    ###....
c - Spider Form           Tmut/Pois      #.........   43%         3    ###....


Dungeon Overview and Level Annotations

Branches:
Dungeon (4/15)
 Temple: D:4-7

Altars:

Annotations:
D:3 anet's ghost, amateur DEWz


Innate Abilities, Weirdness & Mutations

You cannot wear most types of armour.
You are very stealthy in the water. (Stealth+)
((You are amphibious.))
You can wear up to eight rings at the same time.
((You can use your tentacles to constrict eight enemies at once.))
((Your skin changes colour to match your surroundings (Stealth+).))
((Your rubbery body absorbs attacks. (AC +1, EV +1)))


Message History

An orc wizard comes into view. It is wielding a dagger.
The orc wizard shouts!
You hit the rat.
You kill the rat!
You bite the orc!
You kill the orc!
The orc priest calls down the wrath of Beogh upon you.
Beogh smites you!
Found a stone staircase leading down.
You hit the orc priest.
The orc priest is poisoned.
The orc priest is moderately wounded.
The orc priest mumbles some strange prayers to Beogh against you.
Pain shoots through your body!
* * * LOW HITPOINT WARNING * * *
Unknown command.
It was a potion of resistance.
You feel protected.
The orc priest mumbles some strange prayers to Beogh against you.
Beogh smites you!
You die...

#######
....>#####
#......(.
....?.. .....
.o. #o#######
###s.$.....
#####.[...####.
#......†.....#
#.###.##.###.#
#..).....# #
#.#.##.#.#
#<..# .#.#
#.#....# #
#.#.####


You could see an orc priest and an orc wizard.

Vanquished Creatures
  Ijyb (D:3)
  3 adders
  A worm (D:2)
  A dart slug (D:2)
  2 leopard geckos (D:2)
  2 orcs
  5 giant cockroaches
  5 goblins
  11 hobgoblins
  5 jackals (D:1)
  5 kobolds
  6 bats
  2 frilled lizards (D:1)
  6 rats
55 creatures vanquished.

Vanquished Creatures (collateral kills)
  2 jackals (D:1)
2 creatures vanquished.

Grand Total: 57 creatures vanquished

Notes
Turn   | Place    | Note
-------+----------+-------------------------------------------
     0 | D:1      | Voltron the Octopode Transmuter began the quest for the Orb.
     0 | D:1      | Reached XP level 1. HP: 13/13 MP: 3/3
   391 | D:1      | Reached XP level 2. HP: 7/18 MP: 3/5
   851 | D:1      | Learned a level 2 spell: Sticks to Snakes
  1175 | D:1      | Reached XP level 3. HP: 23/23 MP: 4/6
  1296 | D:1      | Learned a level 3 spell: Spider Form
  2139 | D:2      | Reached skill level 1 in Poison Magic
  2219 | D:2      | Reached XP level 4. HP: 23/29 MP: 3/7
  2742 | D:3      | Noticed Ijyb
  2756 | D:3      | Killed Ijyb
  2956 | D:3      | Noticed anet's ghost (amateur DEWz)
  3060 | D:3      | Reached skill level 4 in Unarmed Combat
  3060 | D:3      | Reached XP level 5. HP: 34/34 MP: 4/8
  3555 | D:4      | Killed from afar by an orc priest

Vault maps used:
D:1:      evilmike_arrival_rings
D:2:      serial_glass, glass_columns_a, glass_columns_a, glass_columns_a,
          glass_columns_a
D:3:      serial_glass, glass_columns_b, glass_columns_c, hangedman_glass_teeth,
          uniq_ijyb
D:4:      minmay_temple_entry_enclosed_plants, minivault_4, minmay_crossroads

Skill      XL: |  1  2  3  4 |
---------------+-------------+-----
Poison Magic   | 1 2 |  2.0
Fighting       | 2 |  2.0
Unarmed Combat | 4 |  4.0
Dodging        | |  2.4
Spellcasting   | |  2.0
Transmutations | |  2.8

Action                   |  1- 3 |  4- 6 || total
-------------------------+-------+-------++-------
Melee: Unarmed           |    72 |    44 ||   116
       Constrict         |    19 |     3 ||    22
       Kick              |    10 |       ||    10
       Tentacles         |     8 |     3 ||    11
Throw: Stone             |     5 |       ||     5
 Cast: Beastly Appendage |    15 |       ||    15
       Sticks to Snakes  |     1 |       ||     1
       Spider Form       |     5 |     8 ||    13
  Use: Potion            |     1 |     1 ||     2
       Scroll            |       |     8 ||     8
 Stab: Sleeping          |     8 |     1 ||     9
  Eat: Chunk             |     5 |     4 ||     9
       Bread ration      |       |     1 ||     1
Armor: Skin              |     6 |     2 ||     8
Dodge: Dodged            |    53 |    32 ||    85
